 Dungeon Crawl Stone Soup version 0.30.1-11-g7821555f0a (webtiles) character file.

Game seed: 11813886581218868712

445 KittyFluff the Cudgeller (level 7, -4/44 HPs)
             Began as a Gargoyle Berserker on Nov 24, 2023.
             Was a Priest of Trog.
             Slain by a wight
             ... wielding a +3 falchion
              (6 damage)
             ... on level 4 of the Dungeon.
             The game lasted 00:11:46 (3298 turns).

KittyFluff the Cudgeller (Gargoyle Berserker)       Turns: 3298, Time: 00:11:46

Health: -4/44      AC:  8    Str: 28    XL:     7   Next: 3%
Magic:  7/7        EV: 12    Int:  8    God:    Trog [***...]
Gold:   160        SH:  0    Dex:  9    Spells: 6/6 levels left

rFire   . . .        a - +0 mace
rCold   . . .        (no shield)
rNeg    + . .        e - +0 leather armour
rPois   ∞            (no helmet)
rElec   +            (no cloak)
rCorr   .            (no gloves)
SInv    .            (no boots)
Will    .....        (no amulet)
Stlth   ++           p - +6 ring of strength
HPRegen 0.27/turn    (no ring)
MPRegen 0.10/turn

%: no passive effects
@: no status effects
A: sickness immunity, AC +4, negative energy resistance 1, electricity
resistance, torment resistance 1, petrification resistance
a: Renounce Religion, Berserk, Trog's Hand


You were on level 4 of the Dungeon.
You worshipped Trog.
Trog was most pleased with you.
You visited 1 branch of the dungeon, and saw 4 of its levels.

You collected 160 gold pieces.

Inventory:

Hand Weapons
 a - a +0 mace (weapon)
 h - a +0 sling
Missiles
 b - 4 javelins (quivered)
 g - 6 poisoned darts
 q - 3 boomerangs
Armour
 e - a +0 leather armour (worn)
Jewellery
 p - a +6 ring of strength (left hand)
Wands
 n - a wand of iceblast (13)
 o - a wand of flame (8)
Scrolls
 c - 3 scrolls of immolation {unknown}
 d - 4 scrolls of teleportation {unknown}
 f - a scroll of fear {unknown}
 j - a scroll of enchant armour {unknown}
 k - a scroll of enchant weapon {unknown}
 l - 2 scrolls of identify {unknown}
 r - a scroll of magic mapping {unknown}
Potions
 i - 3 potions of brilliance {unknown}
 m - 5 potions of curing {unknown}
 s - 2 potions of mutation {unknown}
 t - a potion of attraction {unknown}


   Skills:
 + Level 4.3 Fighting
 * Level 4.8 Maces & Flails
 * Level 4.6 Armour
 + Level 2.5 Dodging
 + Level 2.8 Stealth


You had 6 spell levels left.
You didn't know any spells.
Your spell library was empty.

Dungeon Overview and Level Annotations

Branches:
Dungeon (4/15)
 Temple: D:4-7

Altars:


Innate Abilities, Weirdness & Mutations

You are immune to sickness and miasma.
Your stone body is resilient. (AC +4)
You are immune to poison.
You resist negative energy. (rN+)
You are resistant to electric shocks. (rElec)
You are resistant to unholy torment.
You are immune to petrification.


Message History

The wight misses you. 2 wights and an orc come into view.
The wight hits you with a +1 trident!
You barely miss the wight. The wight barely misses you. The wight misses you.
You hit the wight.
The wight is moderately damaged.
The wight hits you with a +1 trident!
You hit the wight but do no damage.
The wight is moderately damaged.
The wight barely misses you.
You sock the wight!
You destroy the wight!
Trog accepts your kill.
You thump the wight!
The wight is heavily damaged.
The wight hits you with a +2 flail!
You barely miss the wight.
The wight is heavily damaged.
The orc shouts!
The wight misses you. The wight hits you but does no damage.
You hit the wight.
The wight is almost destroyed.
The wight closely misses you.
You completely miss the wight.
The wight is almost destroyed.
The wight hits you with a +2 flail.
You hit the wight.
You destroy the wight!
Trog accepts your kill.
You have reached level 7!
You hit the wight.
The wight is moderately damaged.
The wight hits you with a +3 falchion!
* * * LOW HITPOINT WARNING * * *
You completely miss the wight.
The wight is moderately damaged.
The wight hits you with a +3 falchion!
* * * LOW HITPOINT WARNING * * *
The wight hits you with a +3 falchion.
You die...

#..#≈≈§≈≈≈≈##.#
##.###########.#
#..#........#≈.≈
#.#.........#≈.≈ ###
...#.........#≈.≈ ....
#####.........#≈.≈ .....
#.........#≈§§
......#####.........#≈.§
.....zz@............#≈≈≈
.....o#######......#####
..... ######## .... ...
.. #


You could see 2 wights and an orc.

Vanquished Creatures
  A phantom (D:3)
  2 wights (D:4)
  A jelly (D:4)
  An orc wizard (D:4)
  Terence (D:2)
  9 adders
  2 worms (D:2)
  7 dart slugs
  9 orcs
  10 bats
  5 endoplasms
  3 giant cockroaches
  5 goblins
  9 hobgoblins
  A quokka (D:2)
  6 ball pythons
  5 frilled lizards
  6 kobolds
  4 rats
87 creatures vanquished.

Notes
Turn   | Place    | Note
-------+----------+-------------------------------------------
     0 | D:1      | KittyFluff the Gargoyle Berserker began the quest for the
                  | Orb.
     0 | D:1      | Reached XP level 1. HP: 14/14 MP: 1/1
   215 | D:1      | Reached XP level 2. HP: 19/19 MP: 2/2
   529 | D:1      | Reached XP level 3. HP: 22/23 MP: 3/3
   541 | D:1      | Reached ** piety under Trog
   826 | D:2      | Reached skill level 1 in Stealth
   999 | D:2      | Reached XP level 4. HP: 27/28 MP: 4/4
  1367 | D:2      | Noticed Terence
  1380 | D:2      | Killed Terence
  1381 | D:2      | Reached XP level 5. HP: 4/33 MP: 5/5
  1546 | D:2      | Found a faded altar of an unknown god.
  1937 | D:3      | Noticed a phantom
  1971 | D:3      | Killed a phantom
  2316 | D:3      | Reached XP level 6. HP: 34/38 MP: 6/6
  3036 | D:4      | Reached *** piety under Trog
  3297 | D:4      | Reached XP level 7. HP: 18/44 MP: 7/7
  3298 | D:4      | HP: 2/44 [wight/+3 falchion (8)]
  3298 | D:4      | Slain by a wight

Illustrated notes

Levels and vault maps discovered:
D:1:      spicycebolla_arrival_clurvy, layout_basic
D:2:      minmay_diamond_boxcup, layout_loops_ring,
          dreamdust_ecumenical_altar_statues, minmay_bisected, uniq_terence
D:3:      layout_loops_ring, minivault_19
D:4:      layout_rooms, kennysheep_cross_bottleneck

Skill      XL: |  1  2  3  4  5 |
---------------+----------------+-----
Armour         | 3 4 |  4.6
Stealth        | 1 2 |  2.8
Maces & Flails | 4 |  4.8
Dodging        | 2 |  2.5
Fighting       | 4 |  4.3

Action                     |  1- 3 |  4- 6 |  7- 9 || total
---------------------------+-------+-------+-------++-------
  Melee: Mace              |   112 |   245 |     2 ||   359
         Punch             |     1 |     2 |       ||     3
   Stab: Sleeping          |       |     1 |       ||     1
 Armour: Leather armour    |    52 |   130 |       ||   182
         Animal skin       |     3 |       |       ||     3
  Dodge: Dodged            |    66 |   146 |       ||   212
